Unix NetHack Version 5.0.0-0 post-release - last build May  4 2026 22:22:43 (774f63e81ad911689b3a0859ea89b322d5daca8d,branch:main).

Game began 2026-05-07 11:32:09, ended 2026-05-07 16:57:04.

Drastanta, lawful male human Samurai

    ------            --------------------           -------------
    |....|            |...............|..|           |....).[..Y.|
  ---.--.--        ----.................---     ------..------.@.--
  |.......|       --......................|    --......-|    ---..----
  ---....-----   --..|..................---    |........|    |..*....--
    ----..|..-- --..---------------------      --...^..--  ---........|
       --.....---..--                           --------  --...---...--
        |.........--            ----------              ---...-- -----
        ----..-----         -----........--- ------------...--|
         |...--             |..)..)........---...........).*..--
        --..--.   -----------.).......)).......---^----------..--
       --..--.-----........|.................).).--|        |-..--
       |..--.....[..-----....)........%.%..........|        |.-..----
       |......-------   |--...........<............|        |.......--
       |.......|        |.......)..................---      --.......|
       ---------        ----.......-------...........|       |--...---
                           |)......|     |.......|...|       |.....|
                           ---------     -------------       -------
Drastanta the Ninja    St:11 Dx:14 Co:18 In:12 Wi:7 Ch:10  Lawful
Dlvl:10 $:65 HP:0(85) Pw:33(33) AC:-2 Xp:8 T:9039  Satiated

Latest messages:
 The owlbear hits!
 The owlbear hits again!
 You are being crushed.
 What do you want to zap? [hFHIS or ?*] H
 In what direction? 8
 The magic missile misses the owlbear.
 The magic missile bounces!
 The magic missile hits the owlbear!
 The magic missile whizzes by you!
 The owlbear misses!
 The owlbear hits!
 You are being crushed.
 You hit the owlbear.
 The owlbear hits!
 The owlbear hits again!
 You are being crushed.
 You cannot escape from the owlbear!
 The owlbear just misses!
 The owlbear misses!
 You are being crushed.
 You cannot escape from the owlbear!
 The owlbear hits!
 The owlbear misses!
 You are being crushed.
 What do you want to ready? [$ or ?*] <esc>
 Never mind.
 What do you want to drink? [rT or ?*] ?
 You feel better.
 The owlbear hits!
 The owlbear hits again!
 You are being crushed.
 You cannot escape from the owlbear!
 The owlbear hits!
 The owlbear misses!
 You are being crushed.
 You cannot escape from the owlbear!
 The owlbear hits!
 The owlbear hits again!
 You are being crushed.
 Are you sure you want to pray? [yn] (n) y
 You begin praying to Amaterasu Omikami.
 The owlbear hits!
 The owlbear misses!
 You are being crushed.
 You die...
 Do you want your possessions identified? [ynq] (y) y
 Do you want to see your attributes? [ynq] (y) y
 Do you want an account of creatures vanquished? [ynaq] (y) y
 Do you want to see your conduct and achievements? [ynq] (y) y
 Do you want to see the dungeon overview? [ynq] (y) y

Inventory:
 Coins    ('$')
  $ - 65 gold pieces
 Amulets  ('"')
  U - an uncursed amulet of magical breathing
 Weapons  (')')
  c - a +0 yumi
  i - a +0 dwarvish short sword (weapon in right hand)
 Armor    ('[')
  L - an uncursed fireproof +0 pair of yugake (being worn)
  j - an uncursed +0 pair of iron shoes
  N - a cursed +2 silver dragon scale mail (being worn)
 Comestibles  ('%')
  q - an uncursed lizard corpse
 Scrolls  ('?')
  E - an uncursed scroll of identify
  m - an uncursed scroll of teleportation
 Potions  ('!')
  T - an uncursed potion of sake
 Rings    ('=')
  B - an uncursed +1 ring of increase accuracy (on right hand)
  s - an uncursed ring of levitation
 Wands    ('/')
  h - a wand of lightning (0:3)
  H - a wand of magic missile named Magic Missile (0:1)
  S - a wand of opening (0:5)
  F - a wand of probing (0:5)
  I - a wand of striking (0:0)
 Tools    ('(')
  M - an uncursed bag of holding containing 11 items
  K - an uncursed sack containing 5 items
  f - a +0 pick-axe (alternate weapon; not wielded)
  C - an uncursed skeleton key
 Gems/Stones  ('*')
  R - an uncursed worthless piece of white glass
  A - an uncursed luckstone

Contents of the sack:
  an uncursed ring of cold resistance
  an uncursed ring of see invisible
  an uncursed mirror
  an uncursed tin whistle
  an uncursed towel

Contents of the bag of holding:
  an uncursed scroll of confuse monster
  an uncursed scroll of create monster
  an uncursed scroll of remove curse
  a blessed potion of acid
  a blessed potion of hallucination
  an uncursed potion of sake
  an uncursed osaku
  an uncursed skeleton key
  an uncursed towel
  a cursed amethyst stone
  a cursed touchstone

Drastanta the Samurai's attributes:

Background:
 You were a Ninja, a level 8 male human Samurai.
 You were lawful, on a mission for Amaterasu Omikami
 who was opposed by Raijin (neutral) and Susanowo (chaotic).
 You were right-handed.
 You were in the Gnomish Mines, on level 10.
 You entered the dungeon 9039 turns ago.
 You had 1711 experience points, 849 more were needed to attain level 9.

Basics:
 You had 0 out of 85 hit points.
 You had all 33 energy points (spell power).
 Your armor class was -2.
 Your wallet contained 65 zorkmids.
 Autopickup was off.

Final Characteristics:
 Your strength was 11 (peak:14, limit:18/100).
 Your dexterity was 14 (limit:18).
 Your constitution was 18 (limit:18).
 Your intelligence was 12 (limit:18).
 Your wisdom was 7 (peak:8, limit:18).
 Your charisma was 10 (limit:18).

Final Status:
 You were held by an owlbear (north).
 You were satiated.
 You were unencumbered.
 You were wielding a short sword.
 You had basic skill with short sword and could have enhanced that.

Final Attributes:
 You were piously aligned.
 You were poison resistant.
 You had a small bonus to hit (+1).
 You were fast.
 You had reflection.
 You had extra luck.
 Bad luck did not time out for you.
 Good luck did not time out for you.
 Amaterasu Omikami was angry with you.
 You are dead.

Miscellaneous:
 You encountered 1 bones level.
 Total elapsed playing time was 3 hours, 16 minutes and 14 seconds.

Major events:
 Turn
    1: Drastanta the lawful male human Samurai entered the dungeon
  556: entered the Gnomish Mines
  853: attained the rank of Ronin (level 3)
 2000: entered Sokoban
 2521: attained the rank of Ninja (level 6)
 2811: reached Mine Town
 9039: killed by an owlbear, while praying

You didn't know any spells.

Skills:
 Fighting Skills
   martial arts      [Basic]
   two weapon combat [Unskilled]
   riding            [Unskilled]
 Weapon Skills
   dagger            [Unskilled]
   knife             [Unskilled]
   short sword       [Basic]
   broadsword        [Unskilled]
   long sword        [Expert]
   two-handed sword  [Unskilled]
   saber             [Unskilled]
   flail             [Unskilled]
   quarterstaff      [Unskilled]
   polearms          [Unskilled]
   spear             [Unskilled]
   lance             [Unskilled]
   bow               [Basic]
   shuriken          [Unskilled]
 Spellcasting Skills
   attack spells     [Unskilled]
   divination spells [Unskilled]
   clerical spells   [Unskilled]

Voluntary challenges:
 Character rerolling was not enabled.
 You never genocided any monsters.
 You never polymorphed an object.
 You never changed form.
 You used no wishes.
 You did not violate any of the special Sokoban rules.
Achievements:
 You entered the Gnomish Mines.
 You attained the rank of Ronin.
 You entered a shop.
 You entered Sokoban.
 You attained the rank of Ninja.
 You entered Minetown.
 You entered a temple.

 The Dungeons of Doom: levels 1 to 6
    Level 1:
       An altar, some fountains.
    Level 2:
       Some fountains.
       Stairs down to The Gnomish Mines.
    Level 3:
       An armor shop.
    Level 4:
       A general store, a fountain.
    Level 5:
       Many fountains.
    Level 6:
       A fountain.
       Stairs up to Sokoban, level 5.
 The Gnomish Mines: levels 3 to 10
    Level 3:
    Level 4:
    Level 5:
    Level 6:
       Many shops, a temple and an altar to Amaterasu Omikami, some fountains, a grave.
       Final resting place for
          Perugi-Arc-Dwa-Mal-Cha, killed by a gas spore's explosion,
          2932467751-Val-Hum-Fem-Law, poisoned by a rotted gnome corpse.
    Level 7:
    Level 8:
    Level 9:
    Level 10: <- You were here.
       Final resting place for
          you, killed by an owlbear, while praying.
 Sokoban:
    Level 5:
       Unsolved.


Vanquished creatures:
  a ghost
  a wumpus
  a small mimic
  a warhorse
  a large dog
  a freezing sphere
  a chameleon
  2 giant beetles
  a wolf
  a gremlin
  a leprechaun
 an iron piercer
  a giant spider
  a scorpion
  3 black lights
  a vampire bat
  3 gnome rulers
 an orc mummy
  3 brown puddings
  2 yetis
  4 lizards
  a dog
  a dust vortex
  2 ravens
  a plains centaur
 an ape
  4 soldier ants
  a water nymph
  a mountain nymph
  6 Mordor orcs
  6 Uruk-hai
  2 rock piercers
  a rock mole
  3 yellow lights
  a shrieker
 15 gnome leaders
  4 gnomish wizards
  a kobold mummy
  a barrow wight
  a baby crocodile
  3 giant ants
  a little dog
  2 floating eyes
  a kitten
  5 dwarves
  a homunculus
  2 kobold leaders
  2 hill orcs
  a rothe
  3 rabid rats
  2 giant bats
  a monkey
 an orc zombie
  a dwarf zombie
  2 wererats
  2 werejackals
 an iguana
  9 killer bees
  3 hobbits
  7 manes
  a large kobold
  a hobgoblin
  3 giant rats
  7 cave spiders
  a brown mold
 56 gnomes
  4 garter snakes
  a gnome zombie
  4 geckos
  6 jackals
  a fox
  2 kobolds
  2 goblins
  5 sewer rats
  3 grid bugs
  6 lichens
  a kobold zombie
  6 newts
245 creatures vanquished.

No species were genocided or became extinct.

Game over:
                       ----------
                      /          \
                     /    REST    \
                    /      IN      \
                   /     PEACE      \
                  /                  \
                  |    Drastanta     |
                  |      65 Au       |
                  |   killed by an   |
                  |     owlbear      |
                  |                  |
                  |                  |
                  |       2026       |
                 *|     *  *  *      | *
        _________)/\\_//(\/(/\)/\//\/|_)_______

Sayonara Drastanta the Samurai...

You died in The Gnomish Mines on dungeon level 10 with 14111 points,
and 65 pieces of gold, after 9039 moves.
You were level 8 with a maximum of 85 hit points when you died.

